 Dungeon Crawl Stone Soup version 0.28.0-53-g5a82cb258f (webtiles) character file.

Game seed: 1855651005846356454

173639 Infinimo the Shatterer (level 17, -3/163 HPs)
             Began as a Minotaur Berserker on June 4, 2022.
             Was a High Priest of Trog.
             Slain by a ghost moth (6 damage)
             ... on level 4 of the Spider Nest on June 5, 2022.
             The game lasted 00:53:49 (38802 turns).

Infinimo the Shatterer (Minotaur Berserker)        Turns: 38802, Time: 00:53:50

Health: -3/163     AC: 25    Str: 39 (40) XL:     17   Next: 43%
Magic:  0/5        EV:  7    Int: -2 (4)  God:    Trog [*****.]
Gold:   2260       SH: 17    Dex:  5 (10) Spells: 16/16 levels left

rFire   + + .      SeeInvis .   e - +8 morningstar of Onicas {antimagic, rC- rN++ Will+ Dex+2}
rCold   + . .      Faith    .   u - +0 tower shield
rNeg    + + +      Spirit   .   o - +2 plate armour {rC+}
rPois   +          Reflect  .   (helmet restricted)
rElec   +          Harm     .   p - +0 cloak
rCorr   +          Rampage  .   y - +0 pair of gloves
Will    ++++.                   Y - +0 pair of boots of Jaojin {+Blink Str+8}
Stlth   ..........              W - macabre finger necklace {rN+}
HPRegen 1.37/turn               A - ring "Kyurat" {rElec rF++ rN+ Str+2 Dex-2}
MPRegen 0.09/turn               S - ring "Loedotur" {rPois rF- rC+ rN+ rCorr}
                                l - ring of protection from fire

@: strong-willed, regenerating, slowed, lost intelligence, unable to read, very
slow
A: horns 2, retaliatory headbutt
a: Renounce Religion, Evoke Blink, Berserk, Trog's Hand, Brothers in Arms


You were on level 4 of the Spider Nest.
You worshipped Trog.
Trog was extremely pleased with you.
You visited 4 branches of the dungeon, and saw 27 of its levels.
You also visited: Gauntlet.

You collected 3710 gold pieces.
You spent 1450 gold pieces at shops.

Inventory:

Hand Weapons
 e - the +8 morningstar of Onicas (weapon) {antimagic, rC- rN++ Will+ Dex+2}
   (Trog gifted it to you on level 2 of the Orcish Mines)

   It reduces the magical energy of the wielder, and disrupts the spells and
   magical abilities of those it strikes.
   Natural abilities and divine invocations are not affected.
   Dex:       It affects your dexterity (+2).
   rC:        It makes you vulnerable to cold.
   rN:        It greatly protects you from negative energy.
   Will:      It increases your willpower.
 F - a +7 antimagic flail
 Z - a +6 eveningstar of draining
Armour
 o - a +2 plate armour of cold resistance (worn)
 p - a +0 cloak (worn)
 u - a +0 tower shield (worn)
 y - a +0 pair of gloves (worn)
 Y - the +0 pair of boots of Jaojin (worn) {+Blink Str+8}
   (You found it in a Gauntlet)

   Str:       It affects your strength (+8).
   +Blink:    It lets you blink.
Jewellery
 c - a +6 ring of strength
 l - a ring of protection from fire (on amulet)
 A - the ring "Kyurat" (left hand) {rElec rF++ rN+ Str+2 Dex-2}
   (You bought it in a shop on level 10 of the Dungeon)

   [ring of positive energy]

   Str:       It affects your strength (+2).
   Dex:       It affects your dexterity (-2).
   rF:        It greatly protects you from fire.
   rElec:     It insulates you from electricity.
   rN:        It protects you from negative energy.
 G - a ring of ice
 S - the ring "Loedotur" (right hand) {rPois rF- rC+ rN+ rCorr}
   (You found it on level 10 of the Dungeon)

   [ring of protection from cold]

   rF:        It makes you vulnerable to fire.
   rC:        It protects you from cold.
   rPois:     It protects you from poison.
   rN:        It protects you from negative energy.
   rCorr:     It protects you from acid and corrosion.
 W - the macabre finger necklace (around neck) {rN+}
   (You bought it in a shop on level 10 of the Dungeon)

   [amulet of nothing]

   It enables you to equip an extra ring.
   rN:        It protects you from negative energy.
Wands
 a - a wand of flame (33)
 J - a wand of iceblast (30)
 P - a wand of digging (11)
 R - a wand of paralysis (20)
 T - a wand of acid (11)
 U - a wand of polymorph (20)
Scrolls
 b - 2 scrolls of magic mapping
 d - 2 scrolls of silence
 f - 3 scrolls of teleportation
 j - 4 scrolls of vulnerability
 k - 3 scrolls of amnesia
 n - 5 scrolls of fog
 q - 2 scrolls of holy word
 B - a scroll of blinking
 C - a scroll of enchant armour
 E - a scroll of enchant weapon
 K - 5 scrolls of summoning
 L - 5 scrolls of fear
 N - 5 scrolls of identify
Potions
 g - 3 potions of ambrosia
 h - 5 potions of curing
 i - 4 potions of resistance
 m - a potion of flight
 r - 3 potions of might
 s - 2 potions of brilliance
 t - 2 potions of cancellation
 v - a potion of heal wounds
 w - 9 potions of degeneration
 x - 8 potions of lignification
 z - a potion of magic
 D - a potion of attraction
 Q - 6 potions of berserk rage
 V - 4 potions of haste
 X - 2 potions of mutation


   Skills:
 + Level 17.7 Fighting
 * Level 24.1 Maces & Flails
 + Level 17.7 Armour
 - Level 2.1 Dodging
 + Level 16.1 Shields


You had 16 spell levels left.
You didn't know any spells.
Your spell library was empty.

Dungeon Overview and Level Annotations

Branches:
Dungeon (15/15)            Temple (0/1) D:6            Lair (6/6) D:10
 Shoals (0/4) Lair:3       Spider (4/4) Lair:2        Slime (0/5) Lair:5
    Orc (2/2) D:12            Elf (0/3) Orc:2        Vaults (0/5) D:14
 Depths (0/4) D:15        Gauntlet (visited)

Altars:
Cheibriados
Dithmenos
Elyvilon
Fedhas
Gozag
Hepliaklqana
Kikubaaqudgha
Qazlal
Sif Muna
Uskayaw
Vehumet
Xom
Zin
Beogh

Shops:
D:2 ?   D:4 (   D:7 *   D:10 ?=   Orc:2 (==![([


Innate Abilities, Weirdness & Mutations

You have a pair of horns on your head.
You reflexively headbutt those who attack you in melee.


Message History

You feel you are being watched by something.
Something completely misses you. Something hits you but does no damage.
Something stings you!
* * * LOW HITPOINT WARNING * * *
You feel clumsy.
You block the emperor scorpion's attack.
The emperor scorpion claws you but does no damage.
You block the emperor scorpion's attack.
The hornet barely misses you.
Unknown command.
You feel much better.
You feel you are being watched by something.
Something hits you but does no damage. x2; Something stings you!
* * * LOW HITPOINT WARNING * * *
The hornet barely misses you. You furiously retaliate!
You headbutt the hornet.
The emperor scorpion stings you but does no damage.
The emperor scorpion claws you but does no damage.
You block the emperor scorpion's attack.
Something hits you but does no damage. x2; Something stings you.
* * * LOW HITPOINT WARNING * * *
You feel dopey.
You block the emperor scorpion's attack. x2
The emperor scorpion claws you.
* * * LOW HITPOINT WARNING * * *
Unknown command.
You cannot read scrolls in your current state!
Okay, then.
Your skin crawls.
You feel strong-willed.
You feel you are being watched by something.
Something hits you but does no damage. Something hits you.
* * * LOW HITPOINT WARNING * * *
You block something's attack.
You block the emperor scorpion's attack. x3
You feel you are being watched by something.
Something hits you but does no damage. Something hits you!
* * * LOW HITPOINT WARNING * * *
Something stings you but does no damage.
Something hits you but does no damage. Something hits you.
You die...

≈..≈≈#### ### #####.≈≈≈..###
#^..≈≈# +[!. [.! #..#...#
##^..≈## #... .y ####≈..#
###..^### !.##. ##≈..##
#.†..≈## #''# ##≈.≈##
..≈##†...≈# #..## #≈..≈#
^≈≈≈≈≈≈..≈#####...# ##≈..≈###
###≈≈≈#...≈#≈≈##≈s###...≈##.##
######≈.....##@≈##≈^.^≈≈≈..##
###≈≈.≈.≈y{≈.^≈≈#≈≈≈.^^#
#####≈.^..#######≈≈### #≈≈≈###
#### #####


You could see an emperor scorpion and a hornet.

Vanquished Creatures
  Arachne (Spider:2)
  Rupert (Lair:3)
  Agnes (Spider:3)
  Frances (D:12)
  3 emperor scorpions
  Louise (Spider:3)
  2 ghost moths (Spider:4)
  Aizul (Spider:4)
  7 broodmothers
  2 entropy weavers
  4 dire elephants
  A spark wasp (Spider:4)
  A minotaur (Gauntlet)
  2 fire dragons (D:15)
  An ettin (Orc:2)
  Josephine (D:14)
  7 hydras
  Fannar (D:10)
  Harold (D:10)
  10 boulder beetles
  2 ogre magi (Orc:2)
  Erolcha (D:10)
  A jorogumo (Spider:4)
  A radroach (Spider:3)
  2 centaur warriors
  2 death scarabs
  4 two-headed ogres
  A death yak (Lair:6)
  3 tengu warriors
  An orc high priest (Orc:2)
  Urug (Orc:1)
  Nergalle (Orc:2)
  Sonja (D:12)
  5 skeletal warriors (D:10)
  7 pharaoh ants
  A spectral anaconda (Lair:6)
  2 spectral death yaks (Lair:6)
  6 steelbarb worms
  9 orb spiders
  A deep elf pyromancer (D:15)
  4 necromancers (Lair:6)
  A lindwurm (Lair:6)
  22 wolf spiders
  An obsidian statue (Lair:6)
  An oklob plant (Gauntlet)
  8 orc sorcerers (Orc:2)
  28 ugly things
  A moth of wrath (shapeshifter) (D:15)
  3 manticores
  2 cyclopes
  19 elephants
  A faun (shapeshifter) (Gauntlet)
  2 moths of wrath
  A dire elephant zombie (Lair:6)
  5 black mambas
  2 torpor snails (Spider:4)
  Joseph (D:8)
  3 gargoyles
  Maggie (D:8)
  12 cane toads
  2 demonic crawlers
  4 rime drakes
  2 unseen horrors
  A minotaur zombie (Gauntlet)
  An efreet (D:14)
  9 komodo dragons
  2 tengu conjurers
  6 trolls
  Grinder (D:4)
  A wind drake (shapeshifter) (D:13)
  10 meliai
  35 tarantellas
  16 blink frogs
  5 hornets
  A merfolk (D:10)
  11 dream sheep
  A polar bear (Lair:5)
  A dream sheep (shapeshifter) (Gauntlet)
  11 slime creatures
  A centaur simulacrum (D:15)
  31 jumping spiders
  14 culicivoras
  9 wraiths
  7 wyverns
  5 basilisks
  A dire elephant simulacrum (Lair:6)
  4 steam dragons
  Eustachio (D:6)
  2 water elementals (D:15)
  50 yaks
  61 redbacks
  Grum (D:8)
  A spectral cane toad (Lair:6)
  12 wargs
  9 vampire mosquitoes
  15 water moccasins
  Edmund (D:4)
  2 acid dragons
  A floating eye (shapeshifter) (D:14)
  A sky beast (D:8)
  A black bear (D:6)
  2 elephant zombies (Lair:6)
  A sky beast (shapeshifter) (D:13)
  18 orc warriors
  4 ice beasts
  A necrophage (D:8)
  17 wolves
  5 ogres
  2 centaurs
  A phantom (D:6)
  A kobold brigand (D:7)
  15 bullfrogs
  2 scorpions
  A wyvern zombie (D:8)
  2 water moccasin skeletons
  An elephant simulacrum (Lair:6)
  18 killer bees
  17 wights
  5 howler monkeys
  3 electric eels
  3 centaur zombies
  4 crimson imps (D:6)
  A bullfrog zombie (D:5)
  6 hounds
  A centaur skeleton (D:6)
  15 jellies (Lair:5)
  Crazy Yiuf (D:3)
  18 orc priests
  An iguana (D:4)
  31 orc wizards
  Terence (D:2)
  2 killer bee zombies
  A hound skeleton (D:4)
  6 adders
  4 gnolls (D:8)
  2 shadow imps
  2 white imps
  A worm (D:2)
  6 dart slugs
  57 orcs
  6 ball pythons
  4 bats
  7 endoplasms
  6 giant cockroaches
  4 goblins
  6 hobgoblins
  12 kobolds
  5 quokkas
  3 frilled lizards
901 creatures vanquished.

Vanquished Creatures (others)
  A slime creature (D:15)
  An orc wizard (Orc:2)
  16 fungi
  50 plants
  21 withered plants (Lair:6)
89 creatures vanquished.

Grand Total: 990 creatures vanquished

Notes
Turn   | Place    | Note
-------+----------+-------------------------------------------
     0 | D:1      | Infinimo the Minotaur Berserker began the quest for the
                  | Orb.
     0 | D:1      | Reached XP level 1. HP: 19/19 MP: 0/0
   366 | D:1      | Reached skill level 4 in Maces & Flails
   366 | D:1      | Reached XP level 2. HP: 27/27 MP: 1/1
   886 | D:1      | Reached XP level 3. HP: 27/33 MP: 2/2
  1150 | D:1      | Found a faded altar of an unknown god.
  1363 | D:2      | Reached ** piety under Trog
  1561 | D:2      | Found Delum's Magic Scroll Boutique.
  1639 | D:2      | Reached skill level 5 in Maces & Flails
  1639 | D:2      | Reached XP level 4. HP: 33/41 MP: 3/3
  1780 | D:2      | Noticed Terence
  1788 | D:2      | Killed Terence
  2138 | D:3      | Found an opulent altar of Gozag.
  2250 | D:3      | Reached XP level 5. HP: 47/47 MP: 4/4
  2422 | D:3      | Found a runed translucent door.
  2423 | D:3      | Noticed Crazy Yiuf
  2534 | D:3      | Found a blossoming altar of Fedhas.
  2534 | D:3      | Found a shadowy altar of Dithmenos.
  2608 | D:3      | Killed Crazy Yiuf
  2609 | D:3      | Reached skill level 6 in Maces & Flails
  2855 | D:4      | Noticed an ice beast
  2862 | D:4      | Killed an ice beast
  2863 | D:4      | Reached skill level 5 in Fighting
  2863 | D:4      | Reached XP level 6. HP: 56/56 MP: 5/5
  2925 | D:4      | Identified the +5 trident "Coakk" {flame, rPois Int+3
                  | Dex+3}
  3118 | D:4      | Found Bocoeg's Weapon Boutique.
  3178 | D:4      | Noticed Edmund
  3188 | D:4      | Killed Edmund
  3189 | D:4      | Reached skill level 7 in Maces & Flails
  3189 | D:4      | Reached skill level 5 in Armour
  3189 | D:4      | Reached XP level 7. HP: 62/62 MP: 6/6
  3817 | D:4      | Noticed Grinder
  3837 | D:4      | Killed Grinder
  3838 | D:4      | Reached skill level 8 in Maces & Flails
  4403 | D:5      | Entered Level 5 of the Dungeon
  4709 | D:5      | Reached XP level 8. HP: 71/71 MP: 7/7
  5168 | D:5      | Found a white marble altar of Elyvilon.
  5227 | D:6      | Reached skill level 9 in Maces & Flails
  5432 | D:6      | Found a shimmering altar of Xom.
  5449 | D:6      | Reached *** piety under Trog
  5493 | D:6      | Noticed Eustachio
  5508 | D:6      | Killed Eustachio
  5509 | D:6      | Reached skill level 10 in Maces & Flails
  5616 | D:6      | Found a staircase to the Ecumenical Temple.
  5717 | D:6      | Found a glowing silver altar of Zin.
  5940 | D:6      | Reached XP level 9. HP: 62/81 MP: 8/8
  6347 | D:7      | Found Hif Waxt's General Store.
  6352 | D:7      | Reached skill level 1 in Shields
  6357 | D:7      | Reached skill level 11 in Maces & Flails
  6445 | D:7      | Paralysed by a hornet for 2 turns
  6691 | D:7      | You fall into a shaft and drop 3 floors!
  6691 | D:10     | Entered Level 10 of the Dungeon
  6790 | D:9      | Reached skill level 12 in Maces & Flails
  6856 | D:9      | Found a shimmering blue altar of Sif Muna.
  6962 | D:9      | Reached XP level 10. HP: 84/91 MP: 9/9
  7110 | D:9      | Found a snail-covered altar of Cheibriados.
  7771 | D:8      | Noticed Joseph
  7789 | D:8      | Killed Joseph
  7884 | D:8      | Reached skill level 5 in Shields
  7937 | D:7      | Reached skill level 13 in Maces & Flails
  8250 | D:7      | Bought a +1 vorpal morningstar for 169 gold pieces
  8377 | D:7      | Reached **** piety under Trog
  8903 | D:8      | Reached skill level 10 in Fighting
  9009 | D:8      | Noticed Maggie
  9018 | D:8      | Killed Maggie
  9047 | D:8      | Found a stormy altar of Qazlal.
  9212 | D:8      | Noticed Grum
  9233 | D:8      | Reached skill level 10 in Armour
  9237 | D:8      | Killed Grum
  9238 | D:8      | Reached XP level 11. HP: 81/101 MP: 10/10
  9393 | D:10     | Noticed a skeletal warrior
  9397 | D:10     | Reached skill level 14 in Maces & Flails
  9397 | D:10     | Noticed a skeletal warrior
  9404 | D:10     | Killed a skeletal warrior
  9412 | D:10     | Killed a skeletal warrior
  9494 | D:10     | Noticed Fannar
  9504 | D:10     | Killed Fannar
  9848 | D:10     | Found a hide-covered altar of Uskayaw.
  9849 | D:10     | Noticed Erolcha
  9863 | D:10     | Killed Erolcha
  9895 | D:10     | Found Vacoxaugg's Magic Scroll Shop.
  9915 | D:10     | Found Hocoi's Jewellery Boutique.
  9950 | D:10     | Noticed Harold
  9965 | D:10     | Killed Harold
 10054 | D:10     | Found a hazy altar of Hepliaklqana.
 10071 | D:10     | Identified the ring "Loedotur" {rPois rF- rC+ rN+ rCorr}
 10110 | D:10     | Found a staircase to the Lair.
 10123 | D:10     | Noticed a skeletal warrior
 10125 | D:10     | Noticed a skeletal warrior
 10136 | D:10     | Killed a skeletal warrior
 10137 | D:10     | Reached skill level 15 in Maces & Flails
 10146 | D:10     | Killed a skeletal warrior
 10173 | D:10     | Noticed a skeletal warrior
 10189 | D:10     | Killed a skeletal warrior
 10470 | Lair:1   | Entered Level 1 of the Lair of Beasts
 10470 | Lair:1   | Found the +8 demon trident "Rift" {distort, reach+}
 10768 | Lair:1   | Reached XP level 12. HP: 105/110 MP: 11/11
 11359 | Lair:2   | Found a hole to the Spider Nest.
 11653 | Lair:2   | Reached ***** piety under Trog
 11654 | Lair:2   | Reached skill level 16 in Maces & Flails
 11899 | Lair:3   | Noticed a boulder beetle
 11926 | Lair:3   | Killed a boulder beetle
 12020 | Lair:3   | Found a staircase to the Shoals.
 12304 | Lair:3   | Noticed a boulder beetle
 12346 | Lair:3   | Killed a boulder beetle
 12426 | Lair:3   | Noticed Rupert
 12439 | Lair:3   | Killed Rupert
 12872 | Lair:4   | Reached skill level 17 in Maces & Flails
 12957 | Lair:4   | Noticed a five-headed hydra
 13062 | Lair:3   | Killed a five-headed hydra
 13063 | Lair:3   | Reached skill level 10 in Shields
 13268 | Lair:4   | Noticed a four-headed hydra
 13273 | Lair:4   | Reached XP level 13. HP: 117/119 MP: 12/12
 13282 | Lair:4   | Received a gift from Trog
 14233 | Lair:5   | Found a staircase to the Slime Pits.
 14668 | Lair:5   | Reached skill level 18 in Maces & Flails
 15135 | Lair:6   | Entered Level 6 of the Lair of Beasts
 16126 | Lair:6   | Noticed a dire elephant
 16126 | Lair:6   | Noticed a dire elephant
 16126 | Lair:6   | Noticed a dire elephant
 16137 | Lair:6   | Reached skill level 19 in Maces & Flails
 16158 | Lair:6   | Reached XP level 14. HP: 115/130 MP: 4/13
 16251 | Lair:6   | Received a gift from Trog
 17260 | Lair:6   | Identified the +6 mace "Teesinke" {drain, rElec Int+3
                  | Stlth-}
 17466 | D:10     | Bought the macabre finger necklace {rN+} for 560 gold
                  | pieces
 17466 | D:10     | Found the macabre finger necklace {rN+}
 19472 | D:12     | Noticed Frances
 19484 | D:12     | Killed Frances
 20008 | D:12     | Reached skill level 20 in Maces & Flails
 20150 | D:12     | Found a staircase to the Orcish Mines.
 20150 | D:12     | Noticed Sonja
 20157 | D:12     | Killed Sonja
 21805 | D:14     | Noticed Josephine
 21819 | D:14     | Killed Josephine
 21836 | D:14     | Reached skill level 15 in Fighting
 22232 | D:14     | Paralysed by something for 5 turns
 22584 | D:14     | Found a gate to the Vaults.
 22614 | D:14     | Reached XP level 15. HP: 141/141 MP: 4/14
 22665 | D:14     | Reached skill level 15 in Armour
 23259 | D:15     | Entered Level 15 of the Dungeon
 23408 | D:15     | Found a gate leading to a gauntlet.
 23415 | Gauntlet | Entered a Gauntlet
 23415 | Gauntlet | Found a transporter.
 23424 | Gauntlet | Found a transporter.
 23426 | Gauntlet | Found a transporter.
 23436 | Gauntlet | Found a transporter.
 23439 | Gauntlet | Found a transporter.
 23461 | Gauntlet | Found a transporter.
 23468 | Gauntlet | Found a transporter.
 23479 | Gauntlet | Found a transporter.
 23489 | Gauntlet | Found a transporter.
 23490 | Gauntlet | Found the amulet of the Air {Inacc Air Fly rElec RMsl}
 23508 | Gauntlet | Found a transporter.
 23522 | Gauntlet | Found a transporter.
 23522 | Gauntlet | Found a transporter.
 23572 | Gauntlet | Found a transporter.
 23587 | Gauntlet | Found a transporter.
 23914 | Gauntlet | Identified the +0 pair of boots of Jaojin {+Blink Str+8}
 23938 | Gauntlet | Identified the +4 battleaxe of Dissatisfaction {vorpal,
                  | Dex+6 SInv Stlth-}
 24178 | D:15     | Reached skill level 21 in Maces & Flails
 24227 | D:15     | Received a gift from Trog
 24773 | D:15     | Found a staircase to the Depths.
 25546 | D:15     | Identified the +3 ring mail of Evolution {rElec rF- Dex+8
                  | Stlth-}
 25636 | D:15     | Identified the +6 ring mail of the World {rC+ Slay+6}
 25768 | Orc:1    | Entered Level 1 of the Orcish Mines
 25875 | Orc:1    | Noticed Urug
 26139 | Orc:1    | Killed Urug
 26983 | Orc:2    | Entered Level 2 of the Orcish Mines
 26983 | Orc:2    | Found Ginipluv's Antique Weapon Emporium.
 26983 | Orc:2    | Found a staircase to the Elven Halls.
 27675 | Orc:2    | Found Serudec's Armour Shoppe.
 27791 | Orc:2    | Found Suajeled's Armour Emporium.
 27844 | Orc:2    | Identified the +8 morningstar of Onicas {antimagic, rC-
                  | rN++ Will+ Dex+2} (Trog gifted it to you on level 2 of the
                  | Orcish Mines)
 27844 | Orc:2    | Received a gift from Trog
 28003 | D:10     | Bought the ring "Kyurat" {rElec rF++ rN+ Str+2 Dex-2} for
                  | 721 gold pieces
 28246 | Orc:2    | Found Legattawn's Antique Weapon Shoppe.
 28277 | Orc:2    | Found Gifiot's Distillery.
 28308 | Orc:2    | Found a radiant altar of Vehumet.
 28388 | Orc:2    | Noticed Nergalle
 28408 | Orc:2    | Killed Nergalle
 28528 | Orc:2    | Paralysed by an orc sorcerer for 5 turns
 28586 | Orc:2    | Found Juucwamp's Jewellery Emporium.
 28614 | Orc:2    | Found Juogox's Jewellery Shoppe.
 28643 | Orc:2    | Found an ancient bone altar of Kikubaaqudgha.
 28939 | Spider:1 | Entered Level 1 of the Spider Nest
 29635 | Spider:1 | Reached skill level 22 in Maces & Flails
 29785 | Spider:1 | Received a gift from Trog
 29913 | Spider:1 | Reached XP level 16. HP: 127/151 MP: 5/15
 31178 | Spider:2 | Noticed Arachne
 31191 | Spider:2 | Killed Arachne
 32568 | Spider:2 | Reached skill level 15 in Shields
 32717 | Spider:2 | Received a gift from Trog
 33186 | Spider:3 | Noticed Agnes
 33196 | Spider:3 | Killed Agnes
 33369 | Spider:3 | Reached skill level 23 in Maces & Flails
 33594 | Spider:3 | Noticed Louise
 33602 | Spider:3 | Killed Louise
 33843 | Spider:3 | Identified a scroll of acquirement
 33843 | Spider:3 | Acquired 1058 gold pieces
 35559 | Spider:4 | Entered Level 4 of the Spider Nest
 36236 | Spider:4 | Reached XP level 17. HP: 161/161 MP: 5/16
 36332 | Spider:4 | Noticed Aizul
 36348 | Spider:4 | Killed Aizul
 36353 | Spider:4 | Received a gift from Trog
 36626 | Spider:4 | Identified the +0 scale mail of Zurrot {rC+ Str+5 Stlth+}
 38206 | Spider:4 | Reached skill level 24 in Maces & Flails
 38795 | Spider:4 | Lost intelligence.
 38800 | Spider:4 | HP: 5/163 [something (8)]
 38802 | Spider:4 | Slain by a ghost moth

Illustrated notes

Levels and vault maps discovered:
D:1:      dpeg_chamrin_arrival_tetris, layout_basic,
          hellmonk_ecumenical_altar_inner_sanctum, serial_forest,
          infiniplex_forest_clump_long, infiniplex_forest_clump_double,
          infiniplex_forest_clump_small, infiniplex_forest_end_1,
          infiniplex_forest_lined_room_2, infiniplex_forest_straight_3,
          infiniplex_forest_clump_long, infiniplex_forest_zigzag_1
D:2:      layout_rooms, serial_shops, nicolae_shop_hallway_plus, uniq_terence
D:3:      layout_rooms, lemuel_coloured_pillars_altar,
          gammafunk_temple_overflow_elements, grunt_ministairs_5,
          uniq_crazy_yiuf_cottage
D:4:      layout_layer_cave, serial_shops, nicolae_shop_trees,
          chequers_serial_rivers_micro_a, uniq_edmund, uniq_grinder
D:5:      layout_basic, mainiacjoe_overflow_brackets, supply_closet_lemuel
D:6:      layout_gridville, zin_statuary, led_xom_imps,
          minmay_temple_entry_trees, lightli_minifort, uniq_eustachio
D:7:      wander_river, layout_basic, serial_shops, nicolae_stop_n_shop_2,
          hangedman_decor_growths, kennysheep_generic_room_15
D:8:      minmay_skewed_foursquare, layout_cave_pools,
          nicolae_qazlal_scattered_showers, minmay_liquid_box, uniq_joseph,
          uniq_grum, uniq_maggie
D:9:      layout_loops_ring, mainiacjoe_overflow_paths, lemuel_doored_altar
D:10:     layout_irregular_city, kennysheep_little_box,
          mainiacjoe_overflow_boulevard, david_lair_shrubbed, serial_shops,
          shop, shop, hangedman_fish_farm, uniq_erolcha, uniq_harold,
          uniq_fannar
D:11:     layout_long_grid
D:12:     layout_gridville, orc_0_dummy, uniq_sonja, uniq_frances
D:13:     layout_roguey
D:14:     layout_basic, david_vaults_2, uniq_josephine
D:15:     grunt_enter_depths_hoard, layout_loops_ring, gauntlet_entry_generic,
          serial_ice, serial_ice_a, serial_ice_l, serial_ice_f, serial_ice_d,
          serial_ice_m, serial_ice_e
Lair:1:   layout_big_grid, serial_bayou_shore_b
Lair:2:   layout_roguey, spider_nest_entry_a, lemuel_fruit_fields
Lair:3:   layout_gridlike, shoals_dummy_entry, uniq_rupert
Lair:4:   layout_layer_cave, grunt_megastairs_4, serial_bayou_shore_a
Lair:5:   layout_big_grid, minmay_slime_entry_jelly_boxes, minivault_23
Lair:6:   due_jungle_book, layout_layer_cave, amcnicky_mini_pool_medium
Spider:1: layout_spider_delve, portal_ice_cave_entry_ugly_swarm
Spider:2: layout_cave_pods, nicolae_spider_wall_of_niches, uniq_arachne
Spider:3: layout_chambers, hellmonk_spider_spawner, uniq_louise, uniq_agnes
Spider:4: spider_rune_water, uniq_aizul
Orc:1:    layout_caves, nooodl_orcs_dogs, uniq_urug
Orc:2:    kennysheep_orc_mage_school, layout_caves, serial_shops,
          nicolae_shop_window_shopping, shop, nicolae_shop_window_shopping

Skill      XL: |  1  2  3  4  5  6  7  8  9 10 11 12 13 14 15 16 17 |
---------------+----------------------------------------------------+-----
Maces & Flails | 4 5 6 7 8 10 12 13 15 17 19 20 22 23 24 | 24.1
Fighting       | 4 5 6 8 9 10 11 12 13 15 16 17 | 17.7
Armour         | 3 4 5 7 8 10 11 12 13 14 16 17 | 17.7
Shields        | 4 6 8 10 11 13 14 15 16 | 16.1
Dodging        | |  2.1

Action                   |  1- 3 |  4- 6 |  7- 9 | 10-12 | 13-15 | 16-18 || total
-------------------------+-------+-------+-------+-------+-------+-------++-------
Melee: Mace              |    87 |    67 |   250 |   135 |       |       ||   539
       Headbutt          |    13 |    12 |    51 |   124 |   338 |   170 ||   708
       Punch             |       |     4 |     1 |       |       |       ||     5
       Morningstar       |       |       |       |    59 |   133 |   713 ||   905
       Flail             |       |       |       |   459 |  1220 |       ||  1679
Invok: Berserk           |       |     5 |    10 |    16 |    35 |    18 ||    84
       Trog's Hand       |       |       |       |       |       |     1 ||     1
  Use: Scroll            |       |       |     3 |    17 |    12 |     7 ||    39
       Potion            |       |       |       |       |     1 |     2 ||     3
Armor: Animal skin       |    10 |       |       |       |       |       ||    10
       Chain mail        |    18 |    24 |   136 |   287 |   385 |       ||   850
       Plate armour      |       |       |       |       |   251 |   563 ||   814
Dodge: Dodged            |    52 |    33 |    74 |   213 |   323 |   201 ||   896
Block: Buckler           |       |       |    11 |   162 |   129 |       ||   302
       Kite shield       |       |       |       |       |   385 |   148 ||   533
       Tower shield      |       |       |       |       |       |   444 ||   444
